 Dungeon Crawl Stone Soup version 0.26-a0-54-g15ccc7a (webtiles) character file.

Game seed: 17972330312920432705

368 thirtiethelement the Shield-Bearer (level 6, -2/53 HPs)
             Began as a Gnoll Fighter on June 7, 2020.
             Was an Initiate of Cheibriados.
             Slain by an orc warrior
             ... wielding a +0 scimitar
              (11 damage)
             ... on level 4 of the Dungeon on June 8, 2020.
             The game lasted 00:06:25 (2857 turns).

thirtiethelement the Shield-Bearer (Gnoll Fighter)  Turns: 2857, Time: 00:06:25

Health: -2/53      AC: 11    Str: 21    XL:     6   Next: 69%
Magic:  9/9        EV:  9    Int: 11    God:    Cheibriados [......]
Gold:   172        SH: 11    Dex: 16    Spells: 9/9 levels left

rFire    . . .     SeeInvis .   n - +3 hand axe (vamp)
rCold    . . .     Gourm    .   c - +0 kite shield
rNeg     . . .     Faith    .   b - +0 scale mail
rPois    .         Spirit   .   p - +0 helmet
rElec    .         Reflect  .   (no cloak)
rCorr    .         Harm     .   r - +0 pair of gloves
MR       .....                  m - +0 pair of boots
Stlth    +.........             (no amulet)
HPRegen  0.17/turn              (no ring)
MPRegen  0.11/turn              (no ring)

@: lightly drained, very slow
A: distributed training, fangs 1, strong nose
a: Bend Time, Renounce Religion


You were on level 4 of the Dungeon.
You worshipped Cheibriados.
Cheibriados was noncommittal.
You were not hungry.

You visited 2 branches of the dungeon, and saw 6 of its levels.

You collected 172 gold pieces.

Inventory:

Hand Weapons
 a - a +0 war axe
 n - a +3 vampiric hand axe (weapon)
Missiles
 q - 4 boomerangs (quivered)
Armour
 b - a +0 scale mail (worn)
 c - a +0 kite shield (worn)
 m - a +0 pair of boots (worn)
 p - a +0 helmet (worn)
 r - a +0 pair of gloves (worn)
Wands
 h - a wand of digging (6)
Scrolls
 e - a scroll of identify
 j - a scroll of fog
 l - 4 scrolls of teleportation
 o - 3 scrolls of remove curse
 s - a scroll of noise {unknown}
Potions
 d - 2 potions of might
 g - a potion of flight
 i - a potion of brilliance
 k - a potion of resistance {unknown}
Comestibles
 f - 8 rations


   Skills:
 + Level 6.8(6.7) Fighting
 + Level 2.0(1.9) Short Blades
 + Level 2.0(1.9) Long Blades
 + Level 5.0(4.9) Axes
 + Level 2.0(1.9) Maces & Flails
 + Level 2.0(1.9) Polearms
 + Level 2.0(1.9) Staves
 + Level 2.0(1.9) Slings
 + Level 2.0(1.9) Bows
 + Level 2.0(1.9) Crossbows
 + Level 2.0(1.9) Throwing
 + Level 6.8(6.7) Armour
 + Level 2.0(1.9) Dodging
 + Level 2.0(1.9) Stealth
 + Level 6.8(6.7) Shields
 + Level 2.0(1.9) Unarmed Combat
 + Level 2.0(1.9) Spellcasting
 + Level 1.6(1.5) Conjurations
 + Level 1.6(1.5) Hexes
 + Level 1.6(1.5) Charms
 + Level 1.6(1.5) Summonings
 + Level 1.6(1.5) Necromancy
 + Level 1.6(1.5) Translocations
 + Level 1.6(1.5) Transmutations
 + Level 1.6(1.5) Fire Magic
 + Level 1.6(1.5) Ice Magic
 + Level 1.6(1.5) Air Magic
 + Level 1.6(1.5) Earth Magic
 + Level 1.6(1.5) Poison Magic
 + Level 2.2(2.1) Invocations
 + Level 2.0(1.9) Evocations


You had 9 spell levels left.
You didn't know any spells.
Your spell library was empty.

Dungeon Overview and Level Annotations

Branches:
Dungeon (5/15)             Temple (1/1) D:4

Altars:
Cheibriados
Elyvilon
Fedhas
Gozag
Hepliaklqana
Kikubaaqudgha
Nemelex Xobeh
Okawaru
Qazlal
Ru
Trog
Uskayaw
Vehumet
Wu Jian
Xom
Yredelemnul
Zin


Innate Abilities, Weirdness & Mutations

Your experience applies equally to all skills.
You have very sharp teeth.
Your uncanny sense of smell can sniff out nearby items.


Message History

You closely miss the orc warrior.
You bite the orc warrior, but do no damage.
The orc warrior is heavily wounded.
The orc warrior hits you with a +0 scimitar!!
You are too injured to fight recklessly!
You are too injured to fight recklessly!
You are too injured to fight recklessly!
You are too injured to fight recklessly!
You are too injured to fight recklessly!
You closely miss the orc warrior. Your bite misses the orc warrior.
The orc warrior is heavily wounded.
The orc warrior hits you with a +0 scimitar!
* * * LOW HITPOINT WARNING * * *
You hit the orc warrior.
The orc warrior is heavily wounded.
The orc warrior completely misses you.
You hit the orc warrior.
The orc warrior is heavily wounded.
The orc warrior hits you with a +0 scimitar!
You die...

.....................<.#..'......
.......................+..#......
.......................####......
.................................
.............>...................
...................##'#....######
...................#..#....#
.^.................#..#.>..# ###
.............###@###..#....# #..
... #.)o)##..#....# #.#
#.....#..#....####..
#.....#..#..........
#....##+##.......... #....#
#.......... #..... #..........
+..... #.........# #..........


You could see an orc warrior.

Vanquished Creatures
  Edmund (D:4)
  An ice beast (D:4)
  A scorpion (D:4)
  2 adders (D:2)
  3 worms (D:2)
  3 dart slugs
  5 leopard geckos
  4 orcs
  4 giant cockroaches
  9 goblins
  6 hobgoblins
  7 jackals
  A quokka (D:2)
  2 ball pythons (D:2)
  7 bats
  2 frilled lizards
  A jackal skeleton (D:2)
  9 kobolds
  3 rats
71 creatures vanquished.

Notes
Turn   | Place    | Note
-------+----------+-------------------------------------------
     0 | D:1      | thirtiethelement the Gnoll Fighter began the quest for the
                  | Orb.
     0 | D:1      | Reached XP level 1. HP: 23/23 MP: 1/1
   189 | D:1      | Reached XP level 2. HP: 24/29 MP: 2/2
   648 | D:1      | Reached XP level 3. HP: 32/35 MP: 3/3
   903 | D:2      | Reached skill level 1 in Invocations
   986 | D:2      | Reached skill level 1 in Short Blades
   986 | D:2      | Reached skill level 1 in Long Blades
   986 | D:2      | Reached skill level 1 in Maces & Flails
   986 | D:2      | Reached skill level 1 in Polearms
   986 | D:2      | Reached skill level 1 in Staves
   986 | D:2      | Reached skill level 1 in Slings
   986 | D:2      | Reached skill level 1 in Bows
   986 | D:2      | Reached skill level 1 in Crossbows
   986 | D:2      | Reached skill level 1 in Throwing
   986 | D:2      | Reached skill level 1 in Dodging
   986 | D:2      | Reached skill level 1 in Stealth
   986 | D:2      | Reached skill level 1 in Unarmed Combat
   986 | D:2      | Reached skill level 1 in Spellcasting
   986 | D:2      | Reached skill level 1 in Evocations
  1011 | D:2      | Reached XP level 4. HP: 41/41 MP: 5/5
  1234 | D:2      | Found a sparkling altar of Nemelex Xobeh.
  1646 | D:3      | Found a sacrificial altar of Ru.
  1667 | D:3      | Found a snail-covered altar of Cheibriados.
  1681 | D:3      | Reached skill level 1 in Conjurations
  1681 | D:3      | Reached skill level 1 in Hexes
  1681 | D:3      | Reached skill level 1 in Charms
  1681 | D:3      | Reached skill level 1 in Summonings
  1681 | D:3      | Reached skill level 1 in Necromancy
  1681 | D:3      | Reached skill level 1 in Translocations
  1681 | D:3      | Reached skill level 1 in Transmutations
  1681 | D:3      | Reached skill level 1 in Fire Magic
  1681 | D:3      | Reached skill level 1 in Ice Magic
  1681 | D:3      | Reached skill level 1 in Air Magic
  1681 | D:3      | Reached skill level 1 in Earth Magic
  1681 | D:3      | Reached skill level 1 in Poison Magic
  1683 | D:3      | Became a worshipper of Cheibriados the Contemplative
  1746 | D:3      | Found an ornate altar of the Wu Jian Council.
  1754 | D:3      | Found a blossoming altar of Fedhas.
  1823 | D:3      | Found a stormy altar of Qazlal.
  2123 | D:4      | Reached XP level 5. HP: 47/47 MP: 5/7
  2177 | D:4      | Found a white marble altar of Elyvilon.
  2194 | D:4      | You fall into a shaft and drop 1 floor!
  2194 | D:5      | Entered Level 5 of the Dungeon
  2216 | D:5      | Found a hazy altar of Hepliaklqana.
  2328 | D:4      | Noticed Edmund
  2343 | D:4      | Killed Edmund
  2343 | D:4      | Reached XP level 6. HP: 33/53 MP: 8/8
  2494 | D:4      | Found a staircase to the Ecumenical Temple.
  2500 | Temple   | Entered the Ecumenical Temple
  2628 | D:4      | Noticed an ice beast
  2642 | D:4      | Killed an ice beast
  2642 | D:4      | Reached skill level 5 in Axes
  2830 | D:4      | Noticed an orc warrior
  2857 | D:4      | Slain by an orc warrior

Illustrated notes

Levels and vault maps discovered:
D:1:      lightli_arrival_flooded_house, layout_basic
D:2:      layout_loops_cross, nemelex_xobeh_ov_fountains_minmay, first_ration,
          minmay_misc_feat_room, minmay_circle_x
D:3:      layout_rooms, fedhas_ov_isle_minmay, kennysheep_slug_shrine,
          overflow_temple_1_default, lemuel_round_altar,
          overflow_temple_1_default
D:4:      layout_gridville, elyvilon_altar_5,
          minmay_temple_entry_statues_pillars, uniq_edmund
D:5:      layout_rooms, basic_altar, minmay_misc_feat_diagonals,
          lemuel_tele_altar, uniq_blork_the_orc
Temple:   nicolae_temple_figure_zero

Skill      XL: |  1  2  3  4  5  6 |
---------------+-------------------+-----
Invocations    | 1 2 |  2.2
Short Blades   | 1 2 |  2.0
Long Blades    | 1 2 |  2.0
Maces & Flails | 1 2 |  2.0
Polearms       | 1 2 |  2.0
Staves         | 1 2 |  2.0
Slings         | 1 2 |  2.0
Bows           | 1 2 |  2.0
Crossbows      | 1 2 |  2.0
Throwing       | 1 2 |  2.0
Dodging        | 1 2 |  2.0
Stealth        | 1 2 |  2.0
Unarmed Combat | 1 2 |  2.0
Spellcasting   | 1 2 |  2.0
Evocations     | 1 2 |  2.0
Conjurations   | 1 |  1.6
Hexes          | 1 |  1.6
Charms         | 1 |  1.6
Summonings     | 1 |  1.6
Necromancy     | 1 |  1.6
Translocations | 1 |  1.6
Transmutations | 1 |  1.6
Fire Magic     | 1 |  1.6
Ice Magic      | 1 |  1.6
Air Magic      | 1 |  1.6
Earth Magic    | 1 |  1.6
Poison Magic   | 1 |  1.6
Axes           | 5 |  5.0
Fighting       | |  6.8
Armour         | |  6.8
Shields        | |  6.8

Action                   |  1- 3 |  4- 6 || total
-------------------------+-------+-------++-------
Melee: War axe           |    49 |       ||    49
       Bite              |    14 |    24 ||    38
       Hand axe          |    45 |   138 ||   183
  Use: Scroll            |     1 |     7 ||     8
  Eat: Chunk             |       |     5 ||     5
       Ration            |       |     1 ||     1
Armor: Scale mail        |    41 |    39 ||    80
Dodge: Dodged            |    27 |    21 ||    48
Block: Kite shield       |    57 |    61 ||   118

Table legend:
 A = Non-vault XP
 B = Vault XP
 C = Vault XP percentage of total XP
 D = Non-vault monster count
 E = Vault monster count
 F = Vault count percentage of total count
                 A         B        C        D         E       F
            +---------+---------+-------+---------+---------+-------
      Total |     344 |     182 |  34.6 |      62 |       9 |  12.7
            +---------+---------+-------+---------+---------+-------
        D:1 |      39 |       0 |   0.0 |      21 |       0 |   0.0
        D:2 |      76 |       9 |  10.6 |      22 |       7 |  24.1
        D:3 |      20 |       4 |  16.7 |      11 |       1 |   8.3
        D:4 |     206 |     169 |  45.1 |       7 |       1 |  12.5
        D:5 |       3 |       0 |   0.0 |       1 |       0 |   0.0
            +---------+---------+-------+---------+---------+-------
